 Dungeon Crawl Stone Soup version 0.30.0-3-ga4e48a9924 (webtiles) character file.

Game seed: 5862517745848925543

468 meatpath the Trooper (level 6, -2/57 HPs)
             Began as a Minotaur Berserker on May 7, 2023.
             Was a Believer of Trog.
             Slain by an orc
             ... wielding a +0 falchion
              (3 damage)
             ... on level 4 of the Dungeon.
             The game lasted 00:06:28 (2597 turns).

meatpath the Trooper (Minotaur Berserker)           Turns: 2597, Time: 00:06:29

Health: -2/57      AC: 12    Str: 23    XL:     6   Next: 81%
Magic:  5/5        EV:  9    Int:  4    God:    Trog [**....]
Gold:   118        SH:  0    Dex: 10    Spells: 5/5 levels left

rFire   . . .        e - +0 glaive
rCold   . . .        (shield currently unavailable)
rNeg    . . .        i - +0 chain mail
rPois   .            (helmet restricted)
rElec   .            m - +0 cloak
rCorr   .            j - +0 pair of gloves
SInv    .            (no boots)
Will    .....        (no amulet) Stlth
                     (no ring)
HPRegen 0.29/turn    (no ring)
MPRegen 0.09/turn

%: no passive effects
@: lethally poisoned (-2 -> -3), on berserk cooldown, slowed, very slow
A: horns 2, retaliatory headbutt
a: Renounce Religion, Berserk, Trog's Hand


You were on level 4 of the Dungeon.
You worshipped Trog.
Trog was pleased with you.
You visited 1 branch of the dungeon, and saw 4 of its levels.

You collected 118 gold pieces.

Inventory:

Hand Weapons
 e - a +0 glaive (weapon)
Armour
 i - a +0 chain mail (worn)
 j - a +0 pair of gloves (worn)
 m - a +0 cloak (worn)
Jewellery
 n - a ring of see invisible
Scrolls
 f - a scroll of immolation {unknown}
 g - a scroll of identify {unknown}
Potions
 a - a potion of lignification {unknown}
 c - 2 potions of curing {unknown}
 d - a potion of haste {unknown}
 h - 2 potions of mutation {unknown}
 k - a potion of brilliance {unknown}
 l - a potion of magic {unknown}


   Skills:
 + Level 6.1 Fighting
 + Level 6.1 Axes
 + Level 5.5 Armour
 - Level 2.1 Dodging


You had 5 spell levels left.
You didn't know any spells.
Your spell library was empty.

Dungeon Overview and Level Annotations

Branches:
Dungeon (4/15)
 Temple: D:4-7

Altars:

Shops:
D:3 [   D:4 =


Innate Abilities, Weirdness & Mutations

You have a pair of horns on your head.
You reflexively headbutt those who attack you in melee.


Message History

The puff of flame hits you.
You barely miss Sigmund.
Sigmund is moderately wounded.
You feel very sick. The orc hits you but does no damage.
The orc hits you with a +0 falchion. Sigmund hits you but does no damage.
The orc hits you but does no damage. The orc hits you with a +0 falchion.
The orc closely misses you. The orc hits you with a +0 short sword.
* * * LOW HITPOINT WARNING * * *
Sigmund casts a spell.
Sigmund flickers and vanishes!
Deactivating autopickup; reactivate with Ctrl-A.
You feel much better.
You feel sick. The orc closely misses you. x2
Something hits you!
You are more poisoned.
You slice something!! Trog accepts your kill.
Trog appreciates your killing of a magic user.
Reactivating autopickup.
You feel a bit more experienced.
You feel very sick. The orc closely misses you.
The orc hits you but does no damage. x2
The orc hits you with a +0 short sword.
Your Fighting skill increases to level 6!
Your Axes skill increases to level 6!
You barely miss the orc.
You feel very sick. The orc hits you but does no damage.
The orc barely misses you. The orc hits you with a +0 falchion.
* * * LOW HITPOINT WARNING * * *
The orc hits you but does no damage. The orc hits you with a +0 short sword.
* * * LOW HITPOINT WARNING * * *
The orc hits you with a +0 falchion!
* * * LOW HITPOINT WARNING * * *
You barely miss the orc. You headbutt the orc!
You kill the orc!
Trog accepts your kill.
* * * LOW HITPOINT WARNING * * *
You feel sick. The orc barely misses you. The orc hits you with a +0 falchion.
You die...

# #..........#
...#..........#
..............#
...#..........# .
........<.....##..
................
#..........#
#.....o)...#
+.....)@.###
#+#####....#..##
........#####..##
.......)# ##..#
........#######.##
.................#
..#####.......<..#
...#####.........$.
.......'..........!.


You could see an orc.

Vanquished Creatures
  Sigmund (D:4)
  An ice beast (D:4)
  A howler monkey (D:3)
  An orc priest (D:4)
  Terence (D:1)
  Robin (D:3)
  4 gnolls (D:2)
  2 adders (D:2)
  2 worms
  A dart slug (D:1)
  An orc (D:4)
  5 bats
  4 endoplasms
  2 giant cockroaches
  10 goblins
  10 hobgoblins
  2 jackals (D:1)
  3 quokkas
  2 ball pythons
  2 frilled lizards
  7 kobolds
  2 rats (D:1)
65 creatures vanquished.

Notes
Turn   | Place    | Note
-------+----------+-------------------------------------------
     0 | D:1      | meatpath the Minotaur Berserker began the quest for the
                  | Orb.
     0 | D:1      | Reached XP level 1. HP: 19/19 MP: 0/0
   190 | D:1      | Found a faded altar of an unknown god.
   222 | D:1      | Reached XP level 2. HP: 14/27 MP: 1/1
   751 | D:2      | Reached XP level 3. HP: 33/33 MP: 2/2
   890 | D:2      | Noticed Terence
   893 | D:2      | Reached XP level 4. HP: 13/41 MP: 3/3
  1007 | D:1      | HP: 2/61 [Terence/+0 mace (5)]
  1008 | D:1      | Killed Terence
  1313 | D:2      | Reached ** piety under Trog
  1733 | D:3      | Found Timyafomp's Armour Shop.
  1761 | D:3      | Noticed Robin
  1788 | D:3      | Reached XP level 5. HP: 47/47 MP: 4/4
  1794 | D:3      | Killed Robin
  1795 | D:3      | Reached skill level 5 in Fighting
  1795 | D:3      | Reached skill level 5 in Axes
  2142 | D:4      | Found Kaemixt's Jewellery Emporium.
  2175 | D:4      | Noticed an ice beast
  2191 | D:4      | Killed an ice beast
  2192 | D:4      | Reached XP level 6. HP: 13/56 MP: 5/5
  2472 | D:4      | Reached skill level 5 in Armour
  2563 | D:4      | Noticed Sigmund
  2595 | D:4      | Killed Sigmund
  2597 | D:4      | HP: 1/57 [poisoned by Sigmund]
  2597 | D:4      | Slain by an orc

Illustrated notes

Levels and vault maps discovered:
D:1:      wander_arrival_estate, layout_rooms,
          hellmonk_ecumenical_altar_dog_temple, minmay_misc_feat_iff
D:2:      layout_rooms, uniq_terence
D:3:      layout_basic, serial_shops, nicolae_shop_real_fake_doors, uniq_robin
D:4:      layout_basic, bloody_trog, jmf_multi_god_temple,
          minmay_temple_entry_wispy, serial_shops, shop, uniq_sigmund

Skill      XL: |  1  2  3  4  5  6 |
---------------+-------------------+-----
Fighting       | 4 5 6 |  6.1
Axes           | 4 5 6 |  6.1
Armour         | 3 4 5 |  5.5
Dodging        | |  2.1

Action                     |  1- 3 |  4- 6 || total
---------------------------+-------+-------++-------
  Melee: Hand axe          |    23 |       ||    23
         Headbutt          |     3 |    15 ||    18
         Glaive            |    57 |    97 ||   154
 Invoke: Berserk           |       |     4 ||     4
    Use: Potion            |       |     2 ||     2
 Armour: Animal skin       |    23 |       ||    23
         Chain mail        |       |    48 ||    48
  Dodge: Dodged            |    64 |    54 ||   118
